SR
ELLESMERE ISLAND SNOWPEOPLE @ PHOENIX HOTSPUR ACADEMY
06/05/2037
 
TOP OF THE 1ST
Ellesmere Island Snowpeople batting - Pitching for Phoenix Hotspur Academy : RHP Lúcio Salas
Pitching: RHP Lúcio Salas
Batting: RHB Thinley Tshering 0-0: Called Strike
0-1: Ball
1-1: Ball
2-1: Swinging Strike
2-2: Strikes out swinging
Batting: RHB Joe Havermeyer 0-0: Foul Ball, location: 2F
0-1: Ball
1-1: Ball
2-1: Called Strike
2-2: Ball
3-2: Strikes out looking
Batting: LHB Diego Alejandro Ureña 0-0: Ground out 1-3 (Groundball, 13S, EV 61.9 MPH)
Top of the 1st over - 0 runs, 0 hits, 0 errors, 0 left on base; Ellesmere Island 0 - Phoenix 0
BOTTOM OF THE 1ST
Phoenix Hotspur Academy batting - Pitching for Ellesmere Island Snowpeople : RHP Darrell Bannatyne
Pitching: RHP Darrell Bannatyne
Batting: RHB Keith Lynn 0-0: Ball
1-0: Ball
2-0: Ball
3-0: Base on Balls
Batting: RHB Julián Vélez 0-0: SINGLE (Line Drive, 9LS, EV 101.2 MPH)
Keith Lynn to second
Runner from 2nd tries for 3rd, SAFE, no throw by RF
Batting: LHB Ron Lee 0-0: SINGLE (Line Drive, 8RS, EV 113.1 MPH)
Keith Lynn scores
Julián Vélez to second
Batting: RHB Ger Jobse 0-0: Fielders Choice at 2nd, 6-4 (Groundball, 6, EV 110.0 MPH)
Julián Vélez to third
Batting: RHB Allen Kelley 0-0: Ball
Ger Jobse steals 2nd base (no throw)
1-0: Foul Ball, location: 2F
1-1: Called Strike
1-2: Ball
2-2: Ball
3-2: Foul Ball, location: 2F
3-2: Base on Balls
Batting: RHB Carl Bailey 0-0: Called Strike
0-1: Called Strike
0-2: Ball
1-2: SINGLE (Line Drive, 89S, EV 104.4 MPH)
Julián Vélez scores
Ger Jobse to third
Allen Kelley to second
Batting: LHB Richard Barlow 0-0: Ball
1-0: Ball
2-0: Called Strike
2-1: SINGLE (Groundball, 6D, EV 99.4 MPH)
Ger Jobse scores
Allen Kelley to third
Carl Bailey to second
Runner from 3rd tries for Home, SAFE, no throw by CF
Batting: LHB Daniel Page 0-0: Ball
1-0: Foul Ball, location: 2F
1-1: Ball
2-1: Fly out, F8 (Flyball, 8LD, EV 84.4 MPH)
Batting: RHB Bill Blair 0-0: Ball
1-0: Swinging Strike
1-1: Ball
2-1: Ball
3-1: Foul Ball, location: 2F
3-2: DOUBLE (Line Drive, 8RXD, EV 108.1 MPH)
Carl Bailey scores
Richard Barlow to third
Richard Barlow scores
Pitching: LHP Wilson Tamayo
Batting: RHB Keith Lynn 0-0: Ball
1-0: Called Strike
1-1: Ball
2-1: Ball
3-1: Base on Balls
Batting: RHB Julián Vélez 0-0: Swinging Strike
0-1: Ball
1-1: Ball
2-1: Ball
3-1: Swinging Strike
3-2: Fly out, F5 (Line Drive, 5, EV 60.6 MPH)
Bottom of the 1st over - 6 runs, 5 hits, 0 errors, 2 left on base; Ellesmere Island 0 - Phoenix 6
TOP OF THE 2ND
Ellesmere Island Snowpeople batting - Pitching for Phoenix Hotspur Academy : RHP Lúcio Salas
Batting: RHB Tristan Powell 0-0: Called Strike
0-1: Foul Ball, location: 2F
0-2: Foul Ball, location: 2F
0-2: Ball
1-2: Strikes out swinging
Batting: SHB Silvio Capitanio 0-0: Fly out, F7 (Flyball, 7, EV 93.8 MPH)
Batting: LHB Jared Schneider 0-0: Fly out, F6 (Popup, P, EV 78.8 MPH)
Top of the 2nd over - 0 runs, 0 hits, 0 errors, 0 left on base; Ellesmere Island 0 - Phoenix 6
BOTTOM OF THE 2ND
Phoenix Hotspur Academy batting - Pitching for Ellesmere Island Snowpeople : LHP Wilson Tamayo
Batting: LHB Ron Lee 0-0: Ball
1-0: Ground out 5-3 (Groundball, 56, EV 91.2 MPH)
Batting: RHB Ger Jobse 0-0: Ground out 6-3 (Groundball, 56, EV 88.8 MPH)
Batting: RHB Allen Kelley 0-0: Ball
1-0: DOUBLE (Line Drive, 9LS, EV 104.4 MPH)
Batting: RHB Carl Bailey 0-0: Foul Ball, location: 2F
0-1: Foul Ball, location: 2F
0-2: SINGLE (Line Drive, 8LS, EV 94.4 MPH)
Allen Kelley to third
Runner from 3rd tries for Home, SAFE, throw by CF to home
Batting: LHB Richard Barlow 0-0: Ball
1-0: Ball
2-0: Ball
3-0: Swinging Strike
3-1: Base on Balls
Carl Bailey to second
Batting: LHB Daniel Page 0-0: Called Strike
0-1: Ball
1-1: Ball
2-1: Ball
3-1: Swinging Strike
3-2: Base on Balls
Carl Bailey to third
Richard Barlow to second
Batting: RHB Bill Blair 0-0: Foul Ball, location: 2F
0-1: Foul Ball, location: 2F
0-2: Fielders Choice at 2nd, 5-4 (Groundball, 56, EV 82.5 MPH)
Bottom of the 2nd over - 1 run, 2 hits, 0 errors, 3 left on base; Ellesmere Island 0 - Phoenix 7
TOP OF THE 3RD
Ellesmere Island Snowpeople batting - Pitching for Phoenix Hotspur Academy : RHP Lúcio Salas
Batting: SHB Alan Campbell 0-0: Ball
1-0: Swinging Strike
1-1: Ball
2-1: Foul Ball, location: 2F
2-2: Ball
3-2: DOUBLE (Flyball, 78XD, EV 96.9 MPH)
Batting: SHB César Enríques 0-0: Foul Ball, location: 2F
0-1: Ball
1-1: Ground out 6-3 (Groundball, 6, EV 80.6 MPH)
Batting: RHB Cristóbal Arroyo 0-0: Ball
1-0: Called Strike
1-1: Ball
2-1: Swinging Strike
2-2: Foul Ball, location: 2F
2-2: Strikes out swinging
Batting: RHB Thinley Tshering 0-0: Ball
1-0: Called Strike
1-1: Swinging Strike
1-2: Ball
2-2: Foul Ball, location: 2F
2-2: Ball
3-2: Foul Ball, location: 2F
3-2: Strikes out swinging
Top of the 3rd over - 0 runs, 1 hit, 0 errors, 1 left on base; Ellesmere Island 0 - Phoenix 7
BOTTOM OF THE 3RD
Phoenix Hotspur Academy batting - Pitching for Ellesmere Island Snowpeople : LHP Wilson Tamayo
Batting: RHB Keith Lynn 0-0: Swinging Strike
0-1: Called Strike
0-2: Foul Ball, location: 2F
0-2: Strikes out swinging
Batting: RHB Julián Vélez 0-0: Called Strike
0-1: DOUBLE (Flyball, 7LM, EV 89.4 MPH)
Batting: LHB Ron Lee 0-0: Ball
1-0: Swinging Strike
1-1: SINGLE (Groundball, 56S, EV 70.6 MPH) (infield hit)
Julián Vélez to third
Batting: RHB Ger Jobse 0-0: Called Strike
0-1: DOUBLE (Line Drive, 9LM, EV 108.8 MPH)
Julián Vélez scores
Ron Lee to third
Runner from 3rd tries for Home, SAFE, throw by RF to trailing runner, SAFE at third!
Batting: RHB Allen Kelley 0-0: Called Strike
0-1: Ball
1-1: SINGLE (Line Drive, 3D, EV 102.5 MPH)
Ger Jobse scores
Batting: RHB Carl Bailey 0-0: Foul Ball, location: 2F
0-1: Swinging Strike
Allen Kelley steals 2nd base
0-2: Ball
1-2: SINGLE (Groundball, 34D, EV 99.4 MPH)
Allen Kelley to third
Runner from 3rd tries for Home, SAFE, throw by RF to home
Pitching: RHP Ricardo Marrero
Batting: LHB Richard Barlow 0-0: Fly out, F6 (Popup, 15S, EV 83.8 MPH)
Batting: LHB Daniel Page 0-0: Foul Ball, location: 2F
0-1: Ball
1-1: Called Strike
1-2: Strikes out swinging
Bottom of the 3rd over - 4 runs, 5 hits, 0 errors, 1 left on base; Ellesmere Island 0 - Phoenix 11
TOP OF THE 4TH
Ellesmere Island Snowpeople batting - Pitching for Phoenix Hotspur Academy : RHP Lúcio Salas
Batting: RHB Joe Havermeyer 0-0: Called Strike
0-1: Called Strike
0-2: Ball
1-2: Strikes out looking
Batting: LHB Diego Alejandro Ureña 0-0: Ground out 4-3 (Groundball, 4, EV 105.6 MPH)
Batting: RHB Tristan Powell 0-0: Ball
1-0: Called Strike
1-1: Ball
2-1: SINGLE (Groundball, 56D, EV 100.6 MPH)
Batting: SHB Silvio Capitanio 0-0: Foul Ball, location: 2F
0-1: Ball
1-1: Ball
2-1: 2-RUN HOME RUN (Flyball, 78XD, EV 108.1 MPH), Distance : 414 ft
Batting: LHB Jared Schneider 0-0: Ball
1-0: Ball
2-0: Hit by Pitch
Batting: SHB Alan Campbell 0-0: Foul Ball, location: 2F
0-1: Foul Ball, location: 2F
0-2: Fly out, F8 (Flyball, 8LS, EV 86.9 MPH)
Top of the 4th over - 2 runs, 2 hits, 0 errors, 1 left on base; Ellesmere Island 2 - Phoenix 11
BOTTOM OF THE 4TH
Phoenix Hotspur Academy batting - Pitching for Ellesmere Island Snowpeople : RHP Ricardo Marrero
Batting: RHB Bill Blair 0-0: Fly out, F9 (Line Drive, 9, EV 98.8 MPH)
Batting: RHB Keith Lynn 0-0: Ball
1-0: Called Strike
1-1: Foul Ball, location: 2F
1-2: Ball
2-2: Foul Ball, location: 2F
2-2: Foul Ball, location: 2F
2-2: Ball
3-2: Fly out, F4 (Line Drive, 4, EV 71.9 MPH)
Batting: RHB Julián Vélez 0-0: Ball
1-0: Called Strike
1-1: Foul Ball, location: 2F
1-2: Ball
2-2: DOUBLE (Groundball, 5L, EV 104.4 MPH)
Batting: LHB Ron Lee 0-0: Ball
1-0: Foul Ball, location: 2F
1-1: Foul Ball, location: 2F
1-2: SINGLE (Groundball, 6D, EV 96.9 MPH)
Julián Vélez to third
Runner from 3rd tries for Home, SAFE, no throw by LF
Batting: RHB Ger Jobse 0-0: Fielders Choice at 2nd, 6-4 (Groundball, 56, EV 88.1 MPH)
Bottom of the 4th over - 1 run, 2 hits, 0 errors, 1 left on base; Ellesmere Island 2 - Phoenix 12
TOP OF THE 5TH
Ellesmere Island Snowpeople batting - Pitching for Phoenix Hotspur Academy : RHP Lúcio Salas
Batting: SHB César Enríques 0-0: Ball
1-0: Called Strike
1-1: Swinging Strike
1-2: Ball
2-2: Ball
3-2: Strikes out looking
Batting: RHB Cristóbal Arroyo 0-0: Called Strike
0-1: Called Strike
0-2: Strikes out swinging, 2-3 out at first.
Batting: RHB Thinley Tshering 0-0: Ground out 6-3 (Groundball, 6M, EV 101.9 MPH)
Top of the 5th over - 0 runs, 0 hits, 0 errors, 0 left on base; Ellesmere Island 2 - Phoenix 12
BOTTOM OF THE 5TH
Phoenix Hotspur Academy batting - Pitching for Ellesmere Island Snowpeople : RHP Ricardo Marrero
Batting: RHB Allen Kelley 0-0: Foul Ball, location: 2F
0-1: Ball
1-1: Ball
2-1: Ball
3-1: Swinging Strike
3-2: Foul Ball, location: 2F
3-2: Foul Ball, location: 2F
3-2: Foul Ball, location: 2F
3-2: Strikes out swinging
Batting: RHB Carl Bailey 0-0: Fly out, F7 (Flyball, 7LS, EV 86.2 MPH)
Batting: LHB Richard Barlow 0-0: Called Strike
0-1: SINGLE (Line Drive, 4D, EV 100.6 MPH)
Batting: LHB Daniel Page 0-0: Called Strike
0-1: Ground out 4-3 (Groundball, 4, EV 109.4 MPH)
Bottom of the 5th over - 0 runs, 1 hit, 0 errors, 1 left on base; Ellesmere Island 2 - Phoenix 12
TOP OF THE 6TH
Ellesmere Island Snowpeople batting - Pitching for Phoenix Hotspur Academy : RHP Lúcio Salas
Batting: RHB Joe Havermeyer 0-0: Ball
1-0: Ball
2-0: Ball
3-0: Called Strike
3-1: Foul Ball, location: 2F
3-2: Fly out, F9 (Line Drive, 9, EV 100.0 MPH)
Batting: LHB Diego Alejandro Ureña 0-0: Ball
1-0: SINGLE (Groundball, 6MD, EV 103.1 MPH)
Batting: RHB Tristan Powell 0-0: Foul Ball, location: 2F
0-1: Foul Ball, location: 2F
0-2: Grounds into double play, 4-6-3 (Groundball, 4, EV 103.8 MPH)
Top of the 6th over - 0 runs, 1 hit, 0 errors, 0 left on base; Ellesmere Island 2 - Phoenix 12
BOTTOM OF THE 6TH
Phoenix Hotspur Academy batting - Pitching for Ellesmere Island Snowpeople : RHP Ricardo Marrero
Batting: RHB Bill Blair 0-0: Ball
1-0: Ball
2-0: DOUBLE (Flyball, 78D, EV 86.9 MPH)
Batting: RHB Keith Lynn 0-0: Ball
1-0: SINGLE (Groundball, 56, EV 81.2 MPH) (infield hit)
Bill Blair to third
Batting: RHB Julián Vélez 0-0: Grounds into double play, 5-4-3 (Groundball, 56, EV 108.8 MPH)
Bill Blair scores
Batting: LHB Ron Lee 0-0: Ball
1-0: Ball
2-0: Called Strike
2-1: Fly out, F8 (Line Drive, 8LD, EV 87.5 MPH)
Bottom of the 6th over - 1 run, 2 hits, 0 errors, 0 left on base; Ellesmere Island 2 - Phoenix 13
TOP OF THE 7TH
Ellesmere Island Snowpeople batting - Pitching for Phoenix Hotspur Academy : RHP Lúcio Salas
Pinch Hitting: RHB Martin Childs 0-0: Foul Ball, location: 2F
0-1: Ball
1-1: Called Strike
1-2: SINGLE (Groundball, 6MD, EV 106.9 MPH)
Batting: LHB Jared Schneider 0-0: Ball
Martin Childs steals 2nd base (no throw)
1-0: Foul Ball, location: 2F
1-1: Called Strike
1-2: Ball
2-2: Foul Ball, location: 2F
2-2: Ground out 1-3 (Groundball, 23, EV 68.1 MPH)
Martin Childs to third
Batting: SHB Alan Campbell 0-0: Ground out 6-3 (Groundball, 6M, EV 105.0 MPH)
Martin Childs scores
Batting: SHB César Enríques 0-0: Foul Ball, location: 2F
0-1: Ball
1-1: Fly out, F8 (Flyball, 8LS, EV 87.5 MPH)
Top of the 7th over - 1 run, 1 hit, 0 errors, 0 left on base; Ellesmere Island 3 - Phoenix 13
BOTTOM OF THE 7TH
Phoenix Hotspur Academy batting - Pitching for Ellesmere Island Snowpeople : RHP Ricardo Marrero
Now in RF: Martin Childs
Pinch Hitting: RHB Kent Luper 0-0: Foul Ball, location: 2F
0-1: DOUBLE (Flyball, 89D, EV 95.0 MPH)
Pitching: RHP Foster Lang
Batting: RHB Allen Kelley 0-0: Ball
1-0: Called Strike
1-1: Ball
2-1: SINGLE (Groundball, 4MD, EV 101.9 MPH)
Kent Luper to third
Batting: RHB Carl Bailey 0-0: Fielders Choice at 2nd, 1-4 (Groundball, 15S, EV 65.6 MPH)
Batting: LHB Richard Barlow 0-0: Swinging Strike
0-1: Swinging Strike
0-2: Ball
1-2: Ball
2-2: Fly out, F7 (Line Drive, 7, EV 90.0 MPH)
Runner from 3rd tags up, SCORES, throw by LF
Batting: LHB Daniel Page 0-0: Ball
1-0: Ball
2-0: Ball
3-0: Base on Balls
Carl Bailey to second
Batting: RHB Bill Blair 0-0: Ball
1-0: Ball
2-0: SINGLE (Line Drive, 89S, EV 91.9 MPH)
Carl Bailey to third
Daniel Page to second
Runner from 3rd tries for Home, SAFE, throw by RF to home
Batting: RHB Keith Lynn 0-0: Called Strike
0-1: Ball
1-1: Foul Ball, location: 2F
1-2: Foul Ball, location: 2F
1-2: Ball
2-2: Ground out 1-3 (Groundball, 34S, EV 79.4 MPH)
Bottom of the 7th over - 2 runs, 3 hits, 0 errors, 2 left on base; Ellesmere Island 3 - Phoenix 15
TOP OF THE 8TH
Ellesmere Island Snowpeople batting - Pitching for Phoenix Hotspur Academy : RHP Lúcio Salas
Now at SS: Paco Chávez
Batting: RHB Cristóbal Arroyo 0-0: Called Strike
0-1: Ball
1-1: Called Strike
1-2: Foul Ball, location: 2F
1-2: Strikes out swinging
Pinch Hitting: SHB José Reyes 0-0: Called Strike
0-1: Ball
1-1: Called Strike
1-2: Ball
2-2: Strikes out swinging
Batting: RHB Joe Havermeyer 0-0: Fly out, F8 (Flyball, 8LS, EV 91.2 MPH)
Top of the 8th over - 0 runs, 0 hits, 0 errors, 0 left on base; Ellesmere Island 3 - Phoenix 15
BOTTOM OF THE 8TH
Phoenix Hotspur Academy batting - Pitching for Ellesmere Island Snowpeople : RHP Foster Lang
Now in CF: José Reyes
Batting: RHB Julián Vélez 0-0: Ball
1-0: Called Strike
1-1: Ball
2-1: Foul Ball, location: 2F
2-2: Foul Ball, location: 2F
2-2: SINGLE (Groundball, 4MD, EV 106.2 MPH)
Batting: LHB Ron Lee 0-0: Called Strike
0-1: SINGLE (Line Drive, 7S, EV 90.6 MPH)
Julián Vélez to second
Batting: RHB Paco Chávez 0-0: Foul Ball, location: 2F
0-1: Foul Ball, location: 2F
0-2: Ball
1-2: Foul Ball, location: 2F
1-2: Ball
2-2: Fly out, F7 (Line Drive, 7, EV 98.1 MPH)
Batting: RHB Allen Kelley 0-0: Ball
1-0: Foul Ball, location: 2F
1-1: SINGLE (Groundball, 56D, EV 105.6 MPH)
Julián Vélez to third
Ron Lee to second
Runner from 3rd tries for Home, SAFE, throw by LF to home
Batting: RHB Carl Bailey 0-0: Ball
1-0: Foul Ball, location: 2F
1-1: Swinging Strike
1-2: Strikes out looking
Batting: LHB Richard Barlow 0-0: Ball
1-0: SINGLE (Line Drive, 56D, EV 98.8 MPH)
Ron Lee to third
Allen Kelley to second
Runner from 3rd tries for Home, SAFE, no throw by LF
Batting: LHB Daniel Page 0-0: Foul Ball, location: 2F
0-1: Ball
1-1: Fly out, F7 (Line Drive, 7, EV 91.9 MPH)
Bottom of the 8th over - 2 runs, 4 hits, 0 errors, 2 left on base; Ellesmere Island 3 - Phoenix 17
TOP OF THE 9TH
Ellesmere Island Snowpeople batting - Pitching for Phoenix Hotspur Academy : RHP Lúcio Salas
Batting: LHB Diego Alejandro Ureña 0-0: Called Strike
0-1: Ground out U3 (Groundball, 34, EV 86.9 MPH)
Pitching: RHP Ellis Gedge
Batting: RHB Tristan Powell 0-0: Ground out 4-3 (Groundball, 4MS, EV 62.5 MPH)
Batting: RHB Martin Childs 0-0: Foul Ball, location: 2F
0-1: Fly out, F8 (Flyball, 8LD, EV 91.2 MPH)
Top of the 9th over - 0 runs, 0 hits, 0 errors, 0 left on base; Ellesmere Island 3 - Phoenix 17
Thursday, January 23rd, 2020 - OOTP Baseball 20.8 Build 74